 Dungeon Crawl Stone Soup version 0.20-a0-809-gaf7f668 (webtiles) character file.

79 Firecrotchwizard the Shooter (level 4, -2/36 HPs)
             Began as a Centaur Arcane Marksman on Mar 3, 2017.
             Slain by a gnoll
             ... wielding a +0 spear
              (4 damage)
             ... on level 2 of the Dungeon.
             The game lasted 00:04:37 (1662 turns).

Firecrotchwizard the Shooter (CeAM)                 Turns: 1662, Time: 00:04:38

Health: -2/36      AC:  5    Str: 17    XL:     4   Next: 16%
Magic:  5/5        EV:  9    Int: 12    God:
Gold:   100        SH:  0    Dex: 10    Spells: 1/5 levels left

rFire    . . .     SeeInvis .   a - +0 shortbow
rCold    . . .     Gourm    .   e - +0 robe
rNeg     . . .     Faith    .   (shield currently unavailable)
rPois    .         Spirit   .   (no helmet)
rElec    .         Reflect  .   b - +0 cloak
rCorr    .         Harm     .   (no gloves)
MR       .....                  (no barding)
Stlth    +.........             (no amulet)
Regen    0.2/turn               (no ring)
MPRegen  0.1/turn               j - +4 ring of strength

@: hasted, very quick
A: hooves 3, deformed body, speed 2, tough skin 3
a: no special abilities


You were on level 2 of the Dungeon.
You were not hungry.

You visited 1 branch of the dungeon, and saw 2 of its levels.

You collected 100 gold pieces.

Inventory:

Hand Weapons
 a - a +0 shortbow (weapon)
 g - a +0 short sword
 p - a +0 short sword of protection
Armour
 b - a +0 cloak (worn)
 e - a +0 robe (worn)
Jewellery
 j - a +4 ring of strength (left hand)
Scrolls
 h - 4 scrolls of identify
 i - a scroll of remove curse {unknown}
 m - 2 scrolls of enchant armour {unknown}
 n - a scroll of noise {unknown}
 q - a scroll of magic mapping {unknown}
 r - a scroll of enchant weapon {unknown}
Potions
 l - 2 potions of might
 o - a potion of curing {unknown}
 s - a potion of haste
Books
 c - a book of Debilitation

   Spells                             Type                      Level
   a - Corona                         Hexes                        1
   b - Slow                           Hexes                        2
   c - Inner Flame                    Hexes/Fire                   3
   d - Portal Projectile              Hexes/Translocation          3
   e - Cause Fear                     Hexes                        4
   f - Leda's Liquefaction            Hexes/Earth                  4
Comestibles
 f - 2 bread rations
 k - 2 meat rations


   Skills:
 + Level 1.7 Fighting
 * Level 4.7 Bows
 - Level 1.3 Dodging
 - Level 1.0 Spellcasting
 + Level 3.3 Hexes


You had one spell level left.
You knew the following spells:

 Your Spells              Type           Power        Failure   Level  Hunger
a - Corona                Hex            #......      10%         1    ##.....
b - Portal Projectile     Hex/Tloc       #.....       56%         3    ####...


Dungeon Overview and Level Annotations

Branches:
Dungeon (2/15)

Altars:
Xom


Innate Abilities, Weirdness & Mutations

You have hooves in place of feet.
Armour fits poorly on your strangely shaped body.
You cover ground very quickly.
You have extremely tough skin. (AC +3)


Message History

Aim: an adder (almost dead)
You shoot an arrow. The arrow hits the adder.
You kill the adder!
The gnoll hits you from afar with a spear.
* * * LOW HITPOINT WARNING * * *
Firing (i - inventory): No suitable missiles.
Press: ? - help, Shift-Dir - straight line, f - gnoll
Aim: a gnoll, wielding a spear (moderately wounded)
Okay, then.
Firing (i - inventory): No suitable missiles.
Press: ? - help, Shift-Dir - straight line, f/p - gnoll
Aim: a gnoll, wielding a spear (moderately wounded)
Okay, then.
Firing (i - inventory): No suitable missiles.
Press: ? - help, Shift-Dir - straight line, f/p - gnoll
Aim: a gnoll, wielding a spear (moderately wounded)
Okay, then.
It was a potion of haste.
You feel yourself speed up.
The gnoll hits you from afar with a spear.
You die...

...(... ..... ...%.
..(. .# .K. .# #g#
#.# ##(###.# #.@....#
#......# #......##
#.......##
####.....###### #
#...............
####...........#
########..###......##
#........######....#.


You could see a gnoll and a kobold.

Vanquished Creatures
  2 gnolls (D:2)
  An adder (D:2)
  A worm (D:2)
  A dart slug (D:1)
  A leopard gecko (D:1)
  A ball python (D:1)
  3 giant cockroaches
  5 goblins
  8 hobgoblins
  4 kobolds
  A quokka (D:2)
  5 bats
  4 frilled lizards
  6 rats
43 creatures vanquished.

Notes
Turn   | Place    | Note
-------+----------+-------------------------------------------
     0 | D:1      | Firecrotchwizard the Centaur Arcane Marksman began the quest for the Orb.
     0 | D:1      | Reached XP level 1. HP: 16/16 MP: 2/2
    62 | D:1      | Reached skill level 3 in Bows
   254 | D:1      | Reached XP level 2. HP: 23/23 MP: 3/3
   876 | D:1      | Reached XP level 3. HP: 28/28 MP: 4/4
  1084 | D:2      | Reached skill level 4 in Bows
  1173 | D:2      | Learned a level 3 spell: Portal Projectile
  1523 | D:2      | Found a shimmering altar of Xom.
  1659 | D:2      | Reached XP level 4. HP: 15/35 MP: 5/5
  1662 | D:2      | Slain by a gnoll

Vault maps used:
D:1:      dpeg_arrival_houses_and_road
D:2:      kennysheep_six_static_rooms, xom_teletrap_fun

Skill      XL: |  1  2  3 |
---------------+----------+-----
Bows           | 3 4 |  4.7
Hexes          | 3 |  3.3
Fighting       | |  1.7
Dodging        | |  1.3
Spellcasting   | |  1.0

Action                   |  1- 3 |  4- 6 || total
-------------------------+-------+-------++-------
Melee: Short sword       |   144 |       ||   144
       Kick              |    21 |       ||    21
 Fire: Shortbow          |    18 |     2 ||    20
  Use: Scroll            |     1 |       ||     1
       Potion            |       |     1 ||     1
  Eat: Chunk             |     2 |       ||     2
Armor: Robe              |    82 |     2 ||    84
Dodge: Dodged            |    81 |     3 ||    84
